 Dungeon Crawl Stone Soup version 0.29-a0-9-g022ca4c890 (webtiles) character file.

Game seed: 791821373851091450

2335 Grim the Basher (level 9, -2/96 HPs)
             Began as an Ogre Hunter on Jan 28, 2022.
             Was an Initiate of Gozag.
             Slain by a water moccasin (8 damage)
             ... on level 8 of the Dungeon.
             The game lasted 00:14:51 (8969 turns).

Grim the Basher (Ogre Hunter)                       Turns: 8969, Time: 00:14:51

Health: -2/96      AC:  4    Str: 18    XL:     9   Next: 42%
Magic:  9/9        EV: 10    Int: 12    God:    Gozag
Gold:   384        SH:  5    Dex: 13    Spells: 8/8 levels left

rFire   . . .      SeeInvis .   F - +2 spear (vamp)
rCold   . . .      Faith    .   (no shield)
rNeg    . . .      Spirit   .   b - +0 robe
rPois   .          Reflect  +   n - +1 hat
rElec   .          Harm     .   (no cloak)
rCorr   .          Rampage  .   (gloves unavailable)
Will    .....                   (boots unavailable)
Stlth   +.........              h - amulet of reflection
HPRegen 0.26/turn               (no ring)
MPRegen 0.11/turn               (no ring)

@: marked
A: large, unfitting armour, tough skin 1
a: Renounce Religion, Potion Petition, Call Merchant, Bribe Branch


You were on level 8 of the Dungeon.
You worshipped Gozag.
Gozag was aware of your devotion.
You visited 2 branches of the dungeon, and saw 9 of its levels.

You collected 450 gold pieces.
You paid 66 gold pieces to Gozag.

Inventory:

Hand Weapons
 a - a +0 short sword
 c - a +2 whip of flaming
 j - a +1 whip of flaming
 w - a +0 morningstar of holy wrath
 F - a +2 vampiric spear (weapon)
Missiles
 d - 2 boomerangs
 i - 7 poisoned darts
 m - 135 stones
 t - 3 curare-tipped darts
 D - 2 large rocks (quivered)
Armour
 b - a +0 robe (worn)
 n - a +1 hat (worn)
Jewellery
 f - a +4 ring of evasion
 h - an amulet of reflection (around neck)
 o - a ring of fire
 p - the ring "Weriali" {rC- rN+ Str+3 Int+7}
   (You found it on level 3 of the Dungeon)

   [ring of positive energy]

   Str:       It affects your strength (+3).
   Int:       It affects your intelligence (+7).
   rC:        It makes you vulnerable to cold.
   rN:        It protects you from negative energy.
 G - a ring of ice
Scrolls
 e - a scroll of brand weapon
 g - 2 scrolls of fog {unknown}
 l - 2 scrolls of immolation {unknown}
 u - a scroll of holy word {unknown}
 v - 2 scrolls of teleportation {unknown}
 x - 3 scrolls of identify
 y - 2 scrolls of blinking {unknown}
 A - a scroll of vulnerability {unknown}
 E - a scroll of torment {unknown}
Potions
 k - a potion of flight
 r - a potion of attraction {unknown}
 s - a potion of cancellation {unknown}
 z - 2 potions of haste {unknown}
 B - a potion of lignification {unknown}
 C - a potion of degeneration {unknown}


   Skills:
 + Level 8.2 Fighting
 - Level 9.9 Maces & Flails
 * Level 0.0 Polearms
 - Level 4.0 Throwing
 - Level 1.7 Dodging
 - Level 0.6 Stealth


You had 8 spell levels left.
You didn't know any spells.
Your spell library contained the following spells:

 Spells                   Type           Power      Damage    Failure   Level
 Static Discharge         Conj/Air       0%         N/A       45%         2
 Conjure Flame            Conj/Fire      0%         6-21      69%         3
 Dazzling Flash           Conj/Hex       0%         N/A       69%         3
 Frozen Ramparts          Ice            0%         1d2       69%         3
 Fulminant Prism          Conj/Hex       0%         3d6       97%         4
 Ice Form                 Ice/Tmut       0%         N/A       97%         4
 Summon Ice Beast         Ice/Summ       0%         N/A       97%         4
 Lightning Bolt           Conj/Air       0%         1d11      100%        5
 Starburst                Conj/Fire      0%         6d3       100%        6
 Maxwell's Capacitive Co  Air            0%         ∞         100%        8


Dungeon Overview and Level Annotations

Branches:
Dungeon (8/15)             Temple (1/1) D:5
   Lair: D:8-11

Altars:
Ashenzari
Cheibriados
Dithmenos
Elyvilon
Fedhas
Gozag
Hepliaklqana
Kikubaaqudgha
Makhleb
Nemelex Xobeh
Okawaru
Qazlal
Ru
Trog
Uskayaw
Vehumet
Wu Jian
Xom
Yredelemnul
Zin
The Shining One

Shops:
D:1 [==(

Annotations:
D:2 1 runed translucent door, Crazy Yiuf
D:5 1 runed translucent door, Longtemps's ghost, novice GrEE
D:7 Harold


Innate Abilities, Weirdness & Mutations

You are too large for most types of armour.
You have tough skin. (AC +1)


Message History

The water moccasin completely misses you.
The water moccasin bites you but does no damage.
You closely miss the water moccasin.
The water moccasin is heavily wounded.
The water moccasin barely misses you. The water moccasin bites you.
* * * LOW HITPOINT WARNING * * *
You hit the water moccasin.
You feel better.
The water moccasin is severely wounded.
The water moccasin bites you.
* * * LOW HITPOINT WARNING * * *
You hit the water moccasin.
The water moccasin is almost dead.
The water moccasin bites you.
* * * LOW HITPOINT WARNING * * *
You block the water moccasin's attack.
You barely miss the water moccasin.
The water moccasin is almost dead.
The water moccasin bites you but does no damage.
You miss the water moccasin.
The water moccasin is almost dead.
The water moccasin closely misses you. The water moccasin bites you.
* * * LOW HITPOINT WARNING * * *
You feel better. The water moccasin bites you.
* * * LOW HITPOINT WARNING * * *
You barely miss the water moccasin.
The water moccasin is almost dead.
The water moccasin barely misses you. The water moccasin bites you.
* * * LOW HITPOINT WARNING * * *
You hit the water moccasin but do no damage.
The water moccasin is almost dead.
You block the water moccasin's attack.
You miss the water moccasin.
The water moccasin is almost dead.
The water moccasin bites you but does no damage.
The water moccasin misses you.
You closely miss the water moccasin.
The water moccasin is almost dead.
The water moccasin barely misses you. The water moccasin bites you!
You die...
Your body crumbles into a pile of gold.

.... .......
...#......#
#..........
##..........
##..........#
#.........<.#
###...........#
#...#..@.......
#..#..S.......
##............
##.............
#...........###
#.^.........#
#...........#
#...........#
#...........#


You could see a water moccasin.

Vanquished Creatures
  Pikel (D:5)
  Sigmund (D:5)
  Eustachio (D:5)
  Pargi (D:3)
  An ice beast (D:5)
  2 black bears (D:5)
  2 necrophages (D:6)
  3 phantoms
  2 kobold brigands (D:6)
  A bullfrog (D:6)
  A howler monkey (D:5)
  3 hounds
  A jelly (D:5)
  A gnoll shaman (D:6)
  Jessica (D:2)
  2 bullfrog skeletons
  Terence (D:2)
  An iguana (D:4)
  An orc wizard (D:5)
  A killer bee zombie (D:6)
  Robin (D:3)
  6 adders
  5 gnolls (D:6)
  A shadow imp (D:6)
  3 ufetubi
  An adder skeleton (D:4)
  3 dart slugs (D:2)
  10 orcs
  7 ball pythons
  6 bats
  5 endoplasms
  4 giant cockroaches
  17 goblins
  7 hobgoblins
  6 jackals
  4 quokkas
  2 frilled lizards
  17 kobolds
  6 rats
139 creatures vanquished.

Notes
Turn   | Place    | Note
-------+----------+-------------------------------------------
     0 | D:1      | Grim the Ogre Hunter began the quest for the Orb.
     0 | D:1      | Reached XP level 1. HP: 22/22 MP: 1/1
   263 | D:1      | Reached skill level 1 in Maces & Flails
   265 | D:1      | Reached XP level 2. HP: 3/31 MP: 2/2
   663 | D:1      | Found Rogo's Armour Shoppe.
   677 | D:1      | Found Nanamos's Jewellery Shop.
   713 | D:1      | Found Gipu's Jewellery Emporium.
   750 | D:1      | Reached skill level 2 in Maces & Flails
   758 | D:1      | Reached XP level 3. HP: 27/37 MP: 3/3
   788 | D:1      | Found Zigel's Weapon Emporium.
  1598 | D:2      | Found a runed translucent door.
  1599 | D:2      | Noticed Crazy Yiuf
  1736 | D:2      | Noticed Terence
  1748 | D:2      | Killed Terence
  1749 | D:2      | Reached skill level 3 in Maces & Flails
  1749 | D:2      | Reached XP level 4. HP: 19/45 MP: 4/4
  2531 | D:3      | Noticed Robin
  2562 | D:3      | Killed Robin
  2690 | D:3      | Reached XP level 5. HP: 51/53 MP: 5/5
  2786 | D:3      | Noticed Pargi
  3004 | D:3      | Noticed Jessica
  3007 | D:3      | Reached skill level 4 in Maces & Flails
  3232 | D:2      | Killed Jessica
  4005 | D:3      | Identified the ring "Weriali" {rC- rN+ Str+3 Int+7}
  4553 | D:3      | Killed Pargi
  4554 | D:3      | Reached skill level 5 in Maces & Flails
  4554 | D:3      | Reached XP level 6. HP: 13/61 MP: 6/6
  5594 | D:5      | Entered Level 5 of the Dungeon
  5647 | D:5      | Found a hide-covered altar of Uskayaw.
  5677 | D:5      | Reached skill level 6 in Maces & Flails
  5677 | D:5      | Reached XP level 7. HP: 51/67 MP: 7/7
  5829 | D:5      | Noticed Sigmund
  5852 | D:5      | Killed Sigmund
  6183 | D:5      | Reached skill level 7 in Maces & Flails
  6193 | D:5      | Noticed Pikel
  6199 | D:5      | Killed Pikel
  6200 | D:5      | Reached skill level 8 in Maces & Flails
  6200 | D:5      | Reached XP level 8. HP: 60/83 MP: 8/8
  6458 | D:5      | Noticed Eustachio
  6731 | D:5      | Killed Eustachio
  6732 | D:5      | Reached skill level 9 in Maces & Flails
  6732 | D:5      | Reached XP level 9. HP: 54/93 MP: 9/9
  7003 | D:5      | Found a staircase to the Ecumenical Temple.
  7023 | Temple   | Entered the Ecumenical Temple
  7071 | Temple   | Became a worshipper of Gozag Ym Sagoz the Greedy
  7200 | D:5      | Found a runed translucent door.
  7204 | D:5      | Noticed Longtemps's ghost (novice GrEE)
  8156 | D:6      | Got the Volume of Conjuration
  8903 | D:7      | Noticed Harold
  8964 | D:8      | HP: 4/96 [water moccasin (6)]
  8969 | D:8      | Slain by a water moccasin

Illustrated notes

Levels and vault maps discovered:
D:1:      enne_arrival_octagon_isle, layout_loops_ring, serial_shops, shop,
          shop, shop, shop
D:2:      layout_loops_ring, kennysheep_generic_room_16,
          uniq_crazy_yiuf_cottage, uniq_terence
D:3:      layout_loops_cross, uniq_robin, uniq_pargi, uniq_jessica
D:4:      layout_basic
D:5:      layout_loops_ring, lemuel_round_altar, temple_pool_b,
          ebering_ghost_sewer_d, uniq_pikel, uniq_eustachio, uniq_sigmund
D:6:      cheibrodos_thug_alley, layout_layer_cave, amcnicky_mini_pool_small,
          nrook_campfire
D:7:      layout_gridville, nicolae_benzene_ring, uniq_harold
D:8:      layout_cave_pools, serial_column_ruins, column_ruins_hut,
          column_ruins_circle_medium, column_ruins_open_small,
          column_ruins_open_small_water, column_ruins_grid_1,
          column_ruins_open_large, column_ruins_open_small,
          chequers_serial_rivers_large_a, uniq_joseph, uniq_erica
Temple:   grunt_wide_crystal_templ

Skill      XL: |  1  2  3  4  5  6  7  8  9 |
---------------+----------------------------+-----
Fighting       | 3 6 7 8 |  8.2
Maces & Flails | 1 2 3 5 6 8 9 |  9.9
Throwing       | |  4.0
Dodging        | |  1.7
Stealth        | |  0.6

Action                   |  1- 3 |  4- 6 |  7- 9 || total
-------------------------+-------+-------+-------++-------
Melee: Short sword       |    79 |       |       ||    79
       Punch             |     1 |     2 |     3 ||     6
       Whip              |    64 |   228 |       ||   292
       Morningstar       |       |    17 |   173 ||   190
       Spear             |       |       |    25 ||    25
Throw: Throwing net      |     1 |     1 |       ||     2
       Large rock        |       |     3 |    12 ||    15
       Boomerang         |       |    13 |    21 ||    34
  Use: Scroll            |       |     3 |       ||     3
       Potion            |       |     2 |     4 ||     6
 Stab: Sleeping          |     2 |     1 |       ||     3
       Distracted        |       |       |     2 ||     2
Armor: Robe              |    35 |    59 |    52 ||   146
Dodge: Dodged            |    56 |   114 |   105 ||   275
Block: Other             |    23 |    55 |    54 ||   132
       Reflection        |       |       |     1 ||     1

Table legend: (Time is in decaauts)
 A = Elapsed time spent in this place.
 B = Non-inter-level travel time spent in this place.
 C = Inter-level travel time spent in this place.
 D = Time resting spent in this place.
 E = Time spent auto-exploring this place.
 F = Levels seen in this place.
 G = Mean time per level.
                   A        B        C        D        E       F      G
               +--------+--------+--------+--------+--------+-----+--------+
         Total |   8993 |   8659 |    334 |   3614 |   3685 |   9 |  999.2 |
       Dungeon |   8934 |   8609 |    325 |   3614 |   3656 |   8 | 1116.8 |
        Temple |     58 |     49 |      9 |      0 |     29 |   1 |   58.0 |
               +--------+--------+--------+--------+--------+-----+--------+

Top non-repeatable levels by time:
     D:2: 1955 daAuts
     D:5: 1607 daAuts
     D:6: 1409 daAuts
     D:3: 1319 daAuts
     D:1: 1269 daAuts
     D:4: 1248 daAuts
     D:7: 99 daAuts
  Temple: 58 daAuts
     D:8: 25 daAuts
